Map: Cactus Valley LE (Void)

Players

Musumeci - Winner!

  • Race: Zerg Zerg
  • League: Diamond
  • Spawn Location: 1:00

MichyMoko

  • Race: Zerg Zerg
  • Spawn Location: 5:00

VOD

Have the link to the VOD?

Description

Time

  • Played on: March 31, 2017, 4:30 p.m.
  • Length: 10:12
Show
View Real Time Build Order
Export as new Build Order

Musumeci Zerg - Winner!

Build Orders: Hatch First 

Get SALT Encoding   

  12  0:01  Drone  
  13  0:12  Overlord  
  13  0:17  Drone  
  14  0:25  Drone, Extractor  
  15  0:31  Drone  
  15  0:35  Drone  
  17  0:55  Hatchery  
  16  0:59  Drone, Extractor  
  17  1:13  Spawning Pool  
  17  1:16  Extractor  
  17  1:17  Drone  
  16  1:21  Drone  
  17  1:26  Drone  
  17  1:29  Drone  
  19  1:39  Overlord  
  19  1:50  Drone  
  20  1:59  Queen  
  23  2:01  Zergling x2  
  23  2:06  Queen  
  23  2:07  Drone  
  26  2:11  Drone  
  27  2:18  Drone  
  29  2:22  Drone  
  29  2:28  Metabolic Boost  
  29  2:35  Queen  
  31  2:39  Drone x2  
  33  2:52  Baneling Nest  
  31  3:10  Drone x3  
  31  3:11  Overlord  
  34  3:24  Zergling x2  
  34  3:25  Zergling x2  
  36  3:34  Zergling x6  
  36  3:35  Zergling x2  
  40  3:53  Baneling x2  
  40  3:56  Drone  
  40  3:57  Drone x3  
  40  3:58  Overlord x2  
  44  4:09  Overlord  
  44  4:12  Hatchery  
  43  4:22  Drone  
  43  4:23  Drone x7  
  51  4:25  Extractor  
  51  4:26  Baneling x2  
  50  4:33  Queen  
  50  4:36  Drone  
  50  4:37  Drone x3  
  57  4:47  Drone x2  
  57  4:49  Drone  
  57  4:52  Extractor  
  59  4:53  Lair  
  59  4:54  Extractor  
  58  5:00  Roach Warren  
  57  5:09  Evolution Chamber  
  57  5:11  Overlord x3  
  56  5:30  Drone x7  
  56  5:33  Extractor  
  57  6:07  Roach x13  
  82  6:13  Glial Reconstitution, Zerg Missile Weapons Level 1  
  82  6:15  Overlord x2  
  82  6:16  Overlord x2  
  82  6:34  Roach x7  
  96  6:53  Roach x9  
  114  7:02  Overlord  
  114  7:03  Overlord x5  
  114  7:04  Evolution Chamber  
  113  7:11  Drone  
  104  7:39  Roach x10  
  104  7:40  Roach x3  
  104  7:42  Zerg Ground Armor Level 1  
  130  7:45  Drone  
  130  7:47  Extractor  
  130  7:49  Drone  
  130  7:50  Drone x4  
  131  8:00  Roach x5  
  137  8:10  Roach x3  
  141  8:21  Roach x6  
  153  8:32  Roach x4  
  135  8:53  Roach x12  
  147  9:08  Roach x5  
  157  9:13  Drone x3  
  157  9:14  Extractor  
  159  9:23  Roach x2  
  161  9:27  Hatchery, Overseer  
  126  9:40  Roach  
  126  9:41  Roach x5  
Show
View Real Time Build Order
Export as new Build Order

MichyMoko Zerg 

Build Orders: Pool First 

Get SALT Encoding   

  12  0:01  Drone  
  13  0:12  Overlord  
  13  0:18  Drone  
  14  0:30  Drone x2  
  14  0:34  Drone  
  17  0:48  Spawning Pool  
  16  0:50  Drone  
  16  0:54  Extractor  
  16  0:58  Drone  
  17  1:22  Hatchery  
  16  1:29  Drone x2  
  18  1:37  Queen  
  20  1:46  Drone  
  21  1:55  Overlord  
  21  1:57  Zergling x2  
  22  2:06  Overlord  
  22  2:20  Drone  
  23  2:25  Queen  
  25  2:31  Drone  
  25  2:35  Queen  
  28  2:38  Drone  
  29  2:45  Zergling x2  
  30  2:59  Metabolic Boost  
  30  3:04  Zergling x4  
  32  3:19  Drone x2  
  34  3:30  Roach Warren  
  34  3:32  Drone  
  33  3:55  Drone x3  
  36  3:59  Extractor  
  35  4:04  Overlord  
  35  4:08  Drone x3  
  38  4:19  Overlord  
  38  4:25  Roach  
  40  4:42  Roach x5  
  40  4:45  Overlord x3  
  50  4:52  Drone  
  51  4:55  Lair  
  51  5:02  Overlord  
  51  5:05  Ravager  
  52  5:13  Drone x4  
  56  5:22  Roach  
  56  5:26  Roach x4  
  66  5:40  Drone x3  
  66  5:41  Drone  
  70  5:43  Extractor  
  70  5:45  Extractor  
  70  5:49  Zergling x4  
  70  6:03  Zergling x4  
  70  6:04  Zergling x8  
  76  6:20  Drone x2  
  76  6:21  Drone  
  79  6:30  Ravager x2  
  79  6:32  Glial Reconstitution  
  81  6:35  Hatchery  
  76  7:02  Ravager  
  76  7:03  Ravager x3  
  76  7:04  Overlord x2  
  76  7:05  Roach  
  76  7:06  Roach  
  84  7:15  Evolution Chamber x2  
  82  7:22  Roach x6  
  99  7:23  Roach x3  
  97  7:34  Hydralisk Den  
  97  7:36  Roach  
  99  7:37  Roach x2  
  99  7:44  Overlord x2  
  99  7:47  Zerg Missile Weapons Level 1  
  99  7:48  Zerg Ground Armor Level 1  
  97  8:02  Queen  
  97  8:04  Roach  
  97  8:05  Roach x9  
  116  8:13  Roach  
  116  8:14  Roach  
  120  8:25  Overseer  
  120  8:35  Hydralisk  
  120  8:47  Queen  
  107  9:10  Zergling x10  
  107  9:11  Zergling x6  
  115  9:20  Roach  
  115  9:21  Roach x2  
  117  9:33  Roach  
  117  9:34  Roach x5  
  96  9:40  Roach  
  73  9:47  Zergling x2  
  73  9:48  Zergling x4  
  73  9:52  Roach  
Tags
 
Add a new tag
Caveats
  • Supply blocks, unpowered buildings, or Contaminate may cause inaccurate times.
  • Supply counts are checked every 10 seconds.